 Dungeon Crawl Stone Soup version 0.29.1-2-gbd0b4ee654 (webtiles) character file.

Game seed: 2908501146311535541

159 Ivernyr the Chiller (level 5, -3/42 HPs)
             Began as a Naga Ice Elementalist on Oct 29, 2022.
             Slain by a hound (4 damage)
             ... on level 5 of the Dungeon.
             The game lasted 00:09:06 (4016 turns).

Ivernyr the Chiller (Naga Ice Elementalist)         Turns: 4016, Time: 00:09:06

Health: -3/42      AC:  3    Str: 10    XL:     5   Next: 40%
Magic:  9/9        EV: 10    Int: 17    God:
Gold:   208        SH:  0    Dex: 12    Spells: 3/10 levels left

rFire   . . .      SeeInvis +   (no weapon)
rCold   . . .      Faith    .   (no shield)
rNeg    . . .      Spirit   .   a - +0 robe
rPois   +          Reflect  .   j - +0 helmet
rElec   .          Harm     .   (no cloak)
rCorr   .          Rampage  .   (no gloves)
Will    .....                   (no barding)
Stlth   ++........              (no amulet)
HPRegen 0.14/turn               (no ring)
MPRegen 0.11/turn               (no ring)

@: very slow
A: AC +1, large, see invisible, deformed body, poison resistance, slowness 2,
spit poison 1, naga tail 1
a: Spit Poison


You were on level 5 of the Dungeon.
You visited 1 branch of the dungeon, and saw 5 of its levels.

You collected 208 gold pieces.

Inventory:

Armour
 a - a +0 robe (worn)
 j - a +0 helmet (worn)
Jewellery
 f - a ring of resist corrosion
Scrolls
 e - a scroll of identify
 h - a scroll of vulnerability
 m - a scroll of enchant weapon {unknown}
 n - a scroll of fear {unknown}
Potions
 b - a potion of magic
 c - a potion of attraction {unknown}
 d - 3 potions of curing {unknown}
 g - a potion of degeneration {unknown}
 k - a potion of flight {unknown}
 l - a potion of brilliance {unknown}
 o - a potion of resistance {unknown}
 p - a potion of lignification {unknown}
 q - a potion of heal wounds {unknown}


   Skills:
 + Level 2.5 Dodging
 - Level 3.0 Stealth
 + Level 3.0 Spellcasting
 * Level 5.4 Ice Magic


You had 3 spell levels left.
You knew the following spells:

 Your Spells              Type           Power      Damage    Failure   Level
a - Freeze                Ice            84%        1d10      1%          1
b - Frozen Ramparts       Ice            42%        1d7       5%          3
c - Ozocubu's Armour      Ice            21%        N/A       5%          3

Your spell library contained the following spells:

 Spells                   Type           Power      Damage    Failure   Level
 Confusing Touch          Hex            2%         N/A       45%         3
 Hailstorm                Conj/Ice       11%        3d5       50%         4
 Yara's Violent Unravell  Hex/Tmut       1%         3d3       99%         5
 Enfeeble                 Hex            1%         N/A       100%        7


Dungeon Overview and Level Annotations

Branches:
Dungeon (4/15)
 Temple: D:4-7

Altars:
The Shining One


Innate Abilities, Weirdness & Mutations

Your serpentine skin is tough. (AC +1)
You have supernaturally acute eyesight. (SInv)
Armour fits poorly on your strangely shaped body.
Your system is resistant to poisons. (rPois)
You cover ground very slowly.
You can spit poison.
You have a snake-like lower body.


Message History

A gnoll comes into view. It is wielding a +0 spear.
Found 14 gold pieces.
The gnoll shouts!
A gnoll sergeant comes into view. It is wielding a +0 spear.
The hound bites you.
A gnoll sergeant comes into view. It is wielding a +4 trident of venom.
The hound closely misses you. The hound bites you.
As you read the scroll labelled NEACKY LELL, it crumbles to dust.
It is a scroll of identify.
h - a scroll of vulnerability The hound closely misses you.
The hound barely misses you. The gnoll hits you but does no damage.
A gnoll comes into view. It is wielding a +0 whip.
As you read the scroll labelled NEAFAN RORA, it crumbles to dust.
The creatures around you are filled with an inner flame!
It was a scroll of immolation.
The scorpion stings you. The hound bites you. The gnoll barely misses you.
Casting: Freeze (safe; 1% risk of failure)
Confirm with . or Enter, or press ? or * to list all spells.
Casting: Frozen Ramparts (dangerous; 5% risk of failure)
Press: ? - help, Dir - look around, f - activate
Okay, then.
The hound bites you. The scorpion stings you.
The hound bites you but does no damage.
The gnoll hits you from afar with a +0 halberd!
* * * LOW HITPOINT WARNING * * *
The hound bites you but does no damage. The scorpion stings you.
* * * LOW HITPOINT WARNING * * *
The hound pauses to sniff the ground.
The gnoll hits you from afar with a +0 halberd.
* * * LOW HITPOINT WARNING * * *
A gnoll comes into view. It is wielding a +0 whip.
The hound misses you.
The scorpion stings you but does no damage.
Unknown command.
The hound attacks as you move away! The hound bites you.
* * * LOW HITPOINT WARNING * * *
The hound bites you.
You die...

.#.......#
.........#
....g....#
....g.g.g####
P.....#g....#
P..####.gg..#
P$ ##....s..#
$ #......h##
........@#
#....##...#
#.... #....#
#.... #...#..
.. #.......
..#......# ..
... .#. ...
......


You could see 2 gnoll sergeants, a scorpion (inner flame), a hound (inner flame)
and 3 gnolls.

Vanquished Creatures
  An iguana (D:3)
  An orc wizard (D:3)
  3 adders
  A worm (D:2)
  3 dart slugs
  5 orcs
  7 endoplasms
  4 giant cockroaches
  2 goblins (D:2)
  7 hobgoblins
  2 jackals (D:3)
  5 kobolds
  3 quokkas
  8 ball pythons
  6 bats
  2 frilled lizards
  5 rats
65 creatures vanquished.

Vanquished Creatures (others)
  A plant (D:5)
1 creature vanquished.

Grand Total: 66 creatures vanquished

Notes
Turn   | Place    | Note
-------+----------+-------------------------------------------
     0 | D:1      | Ivernyr the Naga Ice Elementalist began the quest for the
                  | Orb.
     0 | D:1      | Reached XP level 1. HP: 15/15 MP: 3/3
   378 | D:1      | Reached XP level 2. HP: 15/22 MP: 5/5
  1332 | D:1      | Reached XP level 3. HP: 25/28 MP: 4/6
  1580 | D:2      | Learned a level 3 spell: Frozen Ramparts
  2579 | D:3      | Learned a level 3 spell: Ozocubu's Armour
  2784 | D:3      | Reached XP level 4. HP: 34/36 MP: 2/7
  3104 | D:3      | Reached skill level 5 in Ice Magic
  3439 | D:3      | Reached XP level 5. HP: 42/42 MP: 5/9
  3677 | D:3      | Found a faded altar of an unknown god.
  3678 | D:3      | Found a glowing golden altar of the Shining One.
  3977 | D:4      | Identified the +1 ring mail of Ejuror {rC- Will++ Int+4}
  4005 | D:4      | You fall into a shaft and drop 1 floor!
  4005 | D:5      | Entered Level 5 of the Dungeon
  4016 | D:5      | HP: 1/42 [hound (2)]
  4016 | D:5      | Slain by a hound

Illustrated notes

Levels and vault maps discovered:
D:1:      minmay_arrival_checkered_box, layout_loops_corners,
          columned_hall_lemuel
D:2:      layout_loops_corners, minivault_25
D:3:      layout_loops_ring, mainiacjoe_overflow_alcove_2,
          basic_ecumenical_altar, kennysheep_flooded_box
D:4:      layout_basic, serial_shops, shop, minmay_fountain_box
D:5:      layout_cave_pools, nicolae_grassy_gnolls, uniq_menkaure

Skill      XL: |  1  2  3  4  5 |
---------------+----------------+-----
Dodging        | 2 |  2.5
Ice Magic      | 5 |  5.4
Spellcasting   | 3 |  3.0
Stealth        | |  3.0

Action                   |  1- 3 |  4- 6 || total
-------------------------+-------+-------++-------
Melee: Unarmed           |    16 |     2 ||    18
       Punch             |     1 |       ||     1
 Cast: Freeze            |    69 |    46 ||   115
 Abil: Spit Poison       |     1 |     5 ||     6
  Use: Scroll            |       |     2 ||     2
 Stab: Sleeping          |     1 |       ||     1
Armor: Robe              |    16 |    10 ||    26
Dodge: Dodged            |    34 |    29 ||    63
